 Dungeon Crawl Stone Soup version 0.32-a0-900-g30fb1b0edc (webtiles) character file.

Game seed: 5396585980616532207

294 Autsider the Digger (level 6, -1/36 HPs)
             Began as a Gargoyle Earth Elementalist on Apr 5, 2024.
             Slain by an iguana (7 damage)
             ... on level 4 of the Dungeon.
             The game lasted 00:06:50 (3441 turns).

Autsider the Digger (Gargoyle Earth Elementalist)   Turns: 3441, Time: 00:06:51

Health: -1/36      AC:  7    Str: 12    XL:     6   Next: 33%
Magic:  5/10       EV:  1    Int: 17    God:
Gold:   201        SH:  0    Dex: 10    Spells: 7/11 levels left

rFire   . . .        n - +2 flail (protect)
rCold   . . .        (no shield)
rNeg    + . .        a - +0 robe
rPois   ∞            (no helmet)
rElec   +            (no cloak)
rCorr   .            (no gloves)
SInv    .            g - +0 pair of boots
Will    .....        (no amulet)
Stlth   ++           (no ring)
HPRegen 0.26/turn    (no ring)
MPRegen 0.12/turn

%: no passive effects
@: about to teleport, constricted
A: sickness immunity, AC +4, negative energy resistance 1, electricity
resistance, torment resistance 1, petrification resistance
a: no special abilities


You were on level 4 of the Dungeon.
You visited 1 branch of the dungeon, and saw 4 of its levels.

You collected 201 gold pieces.

Inventory:

Hand Weapons
 n - a +2 flail of protection (weapon)
Missiles
 k - 3 atropa-tipped darts
Armour
 a - a +0 robe (worn)
 d - a +0 leather armour
 g - a +0 pair of boots (worn)
Scrolls
 e - a scroll of vulnerability
 j - a scroll of amnesia {unknown}
 l - a scroll of noise
Potions
 b - a potion of magic
 c - 2 potions of degeneration
 i - a potion of haste


   Skills:
 + Level 2.8 Fighting
 - Level 1.5 Dodging
 - Level 2.1 Stealth
 + Level 3.2 Spellcasting
 + Level 2.4 Conjurations
 * Level 6.1 Earth Magic


You had 7 spell levels left.
You knew the following spells:

 Your Spells              Type           Power      Damage    Failure   Level
a - Sandblast             Erth           46%        2d11      1%          1
b - Stone Arrow           Conj/Erth      34%        3d9       9%          3

Your spell library contained the following spells:

 Spells                   Type           Power      Damage    Failure   Level
 Passwall                 Erth           23%        N/A       4%          3
 Brom's Barrelling Bould  Conj/Erth      17%        2d4       28%         4
 Petrify                  Alch/Erth      13%        N/A       43%         4


Dungeon Overview and Level Annotations

Branches:
Dungeon (4/15)
 Temple: D:4-7

Altars:
Hepliaklqana
Kikubaaqudgha


Innate Abilities, Weirdness & Mutations

You are immune to sickness and miasma.
Your stone body is resilient. (AC +4)
You are immune to poison.
You resist negative energy. (rN+)
You are resistant to electric shocks. (rElec)
You are resistant to unholy torment.
You are immune to petrification.


Message History

Press: ? - help, Shift-Dir - straight line, f/p - iguana
Aim: an iguana (85% to hit)
The blast of sand hits the iguana!
The iguana is severely wounded.
The ball python bites you but does no damage.
The ball python grabs you. The ball python constricts you.
The iguana bites you! The ball python bites you.
The ball python constricts you.
Casting: Sandblast (safe; 1% risk of failure)
Confirm with . or Enter, or press ? or * to list all spells.
Aiming: Sandblast (safe; 1% risk of failure)
Press: ? - help, Shift-Dir - straight line, f/p - iguana
Aim: an iguana (severely wounded, 85% to hit)
The blast of sand hits the iguana.
The iguana is almost dead.
The ball python bites you. The ball python constricts you.
The iguana bites you!
* * * LOW HITPOINT WARNING * * *
The ball python bites you but does no damage.
The ball python constricts you. The iguana bites you!
* * * LOW HITPOINT WARNING * * *
Casting: Sandblast (safe; 1% risk of failure)
Confirm with . or Enter, or press ? or * to list all spells.
Aiming: Sandblast (safe; 1% risk of failure)
Press: ? - help, Shift-Dir - straight line, f/p - iguana
Aim: an iguana (almost dead, 85% to hit)
The blast of sand hits the iguana but does no damage.
The iguana is almost dead.
The ball python bites you but does no damage.
The ball python constricts you.
* * * LOW HITPOINT WARNING * * *
The iguana barely misses you. The ball python bites you.
* * * LOW HITPOINT WARNING * * *
The ball python constricts you.
* * * LOW HITPOINT WARNING * * *
Unknown command.
As you read the scroll labelled KYQOHU SIMAS, it crumbles to dust.
You feel strangely unstable.
It was a scroll of teleportation.
The iguana bites you!
You die...

#..#...).#+#####
#.#.....#.#
#.......#.#
######....####.# #
....#.##'####.### #.#
#†##...........#
#...##........###.#.##
#..........# #....#
#..@.......# ###..##
......lS.......# #...#
............).....
##...
#.................
###.
#................>. #.
#.................. #.
#.........##...... ##
#.........# ... # #


You could see an iguana and a ball python.

Vanquished Creatures
  2 bombardier beetles (D:3)
  2 orc priests (D:3)
  A hound (D:4)
  4 adders
  2 ribbon worms (D:2)
  A dart slug (D:4)
  11 orcs
  3 bats
  7 endoplasms
  4 giant cockroaches
  8 hobgoblins
  2 jackals (D:1)
  6 quokkas
  9 ball pythons
  2 frilled lizards (D:1)
  5 goblins
  5 kobolds
  12 rats
86 creatures vanquished.

Notes
Turn   | Place    | Note
-------+----------+-------------------------------------------
     0 | D:1      | Autsider the Gargoyle Earth Elementalist began the quest
                  | for the Orb.
     0 | D:1      | Reached XP level 1. HP: 10/10 MP: 3/3
   145 | D:1      | Reached XP level 2. HP: 8/16 MP: 0/5
   236 | D:1      | Reached skill level 4 in Earth Magic
   489 | D:1      | Reached skill level 1 in Fighting
   575 | D:1      | Reached XP level 3. HP: 19/20 MP: 0/6
   579 | D:1      | Learned a level 3 spell: Stone Arrow
   585 | D:1      | Found a faded altar of an unknown god.
  1134 | D:2      | Reached XP level 4. HP: 22/25 MP: 3/7
  2046 | D:3      | Reached skill level 5 in Earth Magic
  2060 | D:3      | Reached XP level 5. HP: 19/30 MP: 3/9
  2339 | D:3      | Found a hazy altar of Hepliaklqana.
  2643 | D:3      | Reached XP level 6. HP: 33/36 MP: 6/10
  2809 | D:3      | Reached skill level 6 in Earth Magic
  3087 | D:4      | Found an ancient bone altar of Kikubaaqudgha.
  3441 | D:4      | Slain by an iguana

Illustrated notes

Levels and vault maps discovered:
D:1:      dpeg_arrival_long_road, layout_rooms,
          shapermc_ecumenical_altar_flowoftime, chequers_serial_rivers_marsh
D:2:      layout_basic, nicolae_concentric_dashed_squares_wild, minivault_25
D:3:      layout_basic, mainiacjoe_overflow_brackets, grunt_decor_one_mirror,
          item_on_display_a
D:4:      layout_basic, mainiacjoe_overflow_alcove_4

Skill      XL: |  1  2  3  4  5  6 |
---------------+-------------------+-----
Earth Magic    | 4 5 6 |  6.1
Fighting       | 1 2 |  2.8
Conjurations   | 2 |  2.4
Spellcasting   | 3 |  3.2
Dodging        | |  1.5
Stealth        | |  2.1

Action                     |  1- 3 |  4- 6 || total
---------------------------+-------+-------++-------
  Melee: Unarmed           |    15 |       ||    15
         Mace              |    16 |       ||    16
         Dagger            |       |    21 ||    21
   Cast: Sandblast         |    57 |    82 ||   139
    Use: Scroll            |       |     5 ||     5
 Armour: Robe              |    34 |    47 ||    81
  Dodge: Dodged            |    37 |    37 ||    74

Table legend: (Time is in decaauts)
 A = Elapsed time spent in this place.
 B = Non-inter-level travel time spent in this place.
 C = Inter-level travel time spent in this place.
 D = Time resting spent in this place.
 E = Time spent auto-exploring this place.
 F = Levels seen in this place.
 G = Mean time per level.
                   A        B        C        D        E       F      G
               +--------+--------+--------+--------+--------+-----+--------+
         Total |   3507 |   3457 |     50 |      5 |   2821 |   4 |  876.8 |
       Dungeon |   3507 |   3457 |     50 |      5 |   2821 |   4 |  876.8 |
               +--------+--------+--------+--------+--------+-----+--------+

Top non-repeatable levels by time:
     D:2: 1179 daAuts
     D:3: 987 daAuts
     D:1: 821 daAuts
     D:4: 518 daAuts
